 Dungeon Crawl Stone Soup version 0.27-a0-789-g6bb3289e1e (webtiles) character file.

Game seed: 17037852373365042826

35 rageheart7 the Skirmisher (level 3, -1/24 HPs)
             Began as a Tengu Abyssal Knight on Mar 26, 2021.
             Was a Follower of Lugonu.
             Slain by a goblin
             ... wielding a +0 dagger
             ... led by Robin
              (6 damage)
             ... on level 2 of the Dungeon.
             The game lasted 00:01:00 (1293 turns).

rageheart7 the Skirmisher (Tengu Abyssal Knight)    Turns: 1293, Time: 00:01:01

Health: -1/24      AC:  3    Str: 13    XL:     3   Next: 33%
Magic:  5/5        EV: 11    Int: 12    God:    Lugonu [*.....]
Gold:   42         SH:  0    Dex: 13    Spells: 2/2 levels left

rFire    . . .     SeeInvis .   a - +1 mace
rCold    . . .     Faith    .   (no shield)
rNeg     . . .     Spirit   .   b - +0 leather armour
rPois    .         Reflect  .   (helmet restricted)
rElec    .         Harm     .   (no cloak)
rCorr    .         Rampage  .   (no gloves)
Will     .....                  (boots unavailable)
Stlth    +.........             (no amulet)
HPRegen  0.08/turn              (no ring)
MPRegen  0.09/turn              (no ring)

@: no status effects
A: beak, talons 3
a: Renounce Religion, Depart the Abyss


You were on level 2 of the Dungeon.
You worshipped Lugonu.
Lugonu was aware of your devotion.
You visited 1 branch of the dungeon, and saw 2 of its levels.
You visited the Abyss 1 time.

You collected 42 gold pieces.

Inventory:

Hand Weapons
 a - a +1 mace (weapon)
Armour
 b - a +0 leather armour (worn)
Scrolls
 f - a scroll of enchant weapon {unknown}
Potions
 c - 2 potions of might {unknown}
 d - a potion of lignification {unknown}
 e - 2 potions of heal wounds {unknown}


   Skills:
 * Level 3.7 Fighting
 * Level 3.2 Maces & Flails
 - Level 2.1 Armour
 - Level 1.1 Dodging
 - Level 1.5 Invocations


You had 2 spell levels left.
You didn't know any spells.
Your spell library was empty.

Dungeon Overview and Level Annotations

Branches:
Dungeon (2/15)

Altars:
Dithmenos
Nemelex Xobeh
Trog
Vehumet
Xom

Shops:
D:1 *

Annotations:
D:2 Robin


Innate Abilities, Weirdness & Mutations

You have a beak for a mouth.
You have claws for feet.


Message History

There are monsters nearby!
There are monsters nearby!
There are monsters nearby!
A goblin and a hobgoblin come into view.
The hobgoblin shouts!
Robin of the Strong Arm comes into view.
They are wielding a +0 spear.
A goblin comes into view. It is wielding a +0 dagger. x2
A goblin comes into view. It is wielding a +0 dagger.
A goblin comes into view. It is wielding a +0 club.
Robin roars a battlecry!
The goblins go into a battle-frenzy!
A goblin comes into view. It is wielding a +0 club.
Found a stone staircase leading down. 2 goblins come into view.
The goblin shouts!
The goblin barely misses you.
You sock the goblin!
You kill the goblin!
Lugonu accepts your kill. Robin throws the goblin at you!
The goblin misses you. The goblin hits you with a +0 club.
You sock the goblin!
You kill the goblin!
Lugonu accepts your kill. The goblin hits you but does no damage.
The goblin hits you with a +0 club. The hobgoblin barely misses you.
Robin throws the goblin at you! The goblin barely misses you.
You completely miss the goblin. The hobgoblin completely misses you.
The goblin hits you with a +0 club. The goblin barely misses you.
The goblin hits you with a +0 club. The hobgoblin hits you.
The goblin hits you with a +0 dagger.
* * * LOW HITPOINT WARNING * * *
The goblin hits you with a +0 dagger.
* * * LOW HITPOINT WARNING * * *
You miss the goblin. You claw the goblin.
You kill the goblin!
Lugonu accepts your kill.
The goblin hits you but does no damage. x2
The goblin hits you with a +0 dagger.
You die...

##........##
#..........#
#..........# .J
#..........#.
..##............
.(......ggg......
........ggg...#..
......#$g@gg....>
.......#)...###. #
....#...##..# . ..
.##.#.......# . ...
#...........
...#####........#.#
........................
....#...............##.
......................


You could see Robin, a hobgoblin (strong) and 7 goblins.

Vanquished Creatures
  An adder (D:2)
  2 ball pythons (D:1)
  An endoplasm (D:1)
  2 giant cockroaches
  5 goblins
  A hobgoblin (D:1)
  4 jackals (D:1)
  2 quokkas (D:1)
  A frilled lizard (D:1)
  A kobold (D:1)
  4 rats (D:1)
24 creatures vanquished.

Notes
Turn   | Place    | Note
-------+----------+-------------------------------------------
     0 | Abyss:1  | rageheart7 the Tengu Abyssal Knight began the quest for the
                  | Orb.
     0 | Abyss:1  | Reached XP level 1. HP: 14/14 MP: 3/3
   116 | Abyss:1  | Noticed a raiju
   117 | D:1      | Escaped the Abyss
   358 | D:1      | Reached XP level 2. HP: 19/19 MP: 4/4
   583 | D:1      | Found Vioxonoa's General Store.
   674 | D:1      | Reached * piety under Lugonu
  1143 | D:2      | Found a shimmering altar of Xom.
  1146 | D:2      | Found a bloodstained altar of Trog.
  1147 | D:2      | Found a shadowy altar of Dithmenos.
  1147 | D:2      | Found a radiant altar of Vehumet.
  1155 | D:2      | Reached XP level 3. HP: 16/24 MP: 5/5
  1252 | D:2      | Found a sparkling altar of Nemelex Xobeh.
  1287 | D:2      | Noticed Robin
  1293 | D:2      | Slain by a goblin

Illustrated notes

Levels and vault maps discovered:
D:1:      kilobyte_arrival_exit_the_forest, layout_basic, serial_aquarium,
          aquarium_bridge_square [aquarium_subvault_bridge,
          aquarium_subvault_wall, aquarium_subvault_window,
          aquarium_subvault_bridge], aquarium_bridge_square
          [aquarium_subvault_bridge, aquarium_subvault_wall,
          aquarium_subvault_bridge, aquarium_subvault_bridge],
          aquarium_window_corner, aquarium_window_1, aquarium_window_fake,
          aquarium_window_2, aquarium_view_2b, aquarium_view_2b,
          aquarium_balcony_3b, aquarium_pool_corner, serial_shops, shop
D:2:      layout_rooms, grunt_temple_overflow_open, corexii_leaking_fountain,
          nemelex_xobeh_ov_fountains_minmay, uniq_robin

Skill      XL: |  1  2 |
---------------+-------+-----
Maces & Flails | 3 |  3.2
Fighting       | |  3.7
Armour         | |  2.1
Dodging        | |  1.1
Invocations    | |  1.5

Action                   || total
-------------------------++-------
Melee: Mace              ||    43
       Kick              ||    12
       Peck              ||     4
Invok: Depart the Abyss  ||     1
 Stab: Sleeping          ||     3
Armor: Leather armour    ||    13
Dodge: Dodged            ||    35

Table legend: (Time is in decaauts)
 A = Elapsed time spent in this place.
 B = Non-inter-level travel time spent in this place.
 C = Inter-level travel time spent in this place.
 D = Time resting spent in this place.
 E = Time spent auto-exploring this place.
 F = Levels seen in this place.
 G = Mean time per level.
                   A        B        C        D        E       F      G
               +--------+--------+--------+--------+--------+-----+--------+
         Total |   1311 |   1286 |     25 |      0 |   1156 |   3 |  437.0 |
       Dungeon |   1194 |   1169 |     25 |      0 |   1040 |   2 |  597.0 |
         Abyss |    117 |    117 |      0 |      0 |    116 |   1 |  117.0 |
               +--------+--------+--------+--------+--------+-----+--------+

Top non-repeatable levels by time:
     D:1: 1042 daAuts
     D:2: 152 daAuts
 Abyss:1: 117 daAuts
